cohdb
Replays
Latest Replays
All Replays
Popular Replays
Top Player Replays
Match Explorer
How It Works
Community
CoH3 Stats
Reddit
Sign in to upload your games and track your stats! →
Sign in with Steam
Match 45297503
Unlisted
Match 45297503
Overview
Messages
Build Orders
End
Construct Infanterie Kompanie
Selects Breakthrough Battlegroup
Selects Assault Grenadiers
Grenadier Squad
Grenadier Squad
Grenadier Squad
Construct Panzergrenadier Kompanie
251 Medium Carrier
GrW 34 Mortar Team
Selects Rapid Production
Pak 40 Anti-tank Gun Team
Selects Smoke Bombing Run
Smoke Bombing Run
Construct Panzer Kompanie
Kettenkrad Recon Vehicle
Pak 40 Anti-tank Gun Team
Pak 40 Anti-tank Gun Team
Selects Blitzkrieg
Pak 40 Anti-tank Gun Team
埃里希·冯·曼施坦因
또또
乌拉
Longbow64D
SimplyFinny
HANS
mak191mmm
乐正绫单推人
0
0
Comments
sign in to comment!
No comments posted yet!